 Dungeon Crawl Stone Soup version 0.24.0-35-gdb84b6a5db (webtiles) character file.

Game seed: 3460334355228657802, levelgen mode: deterministic

102 Anaphory the Digger (level 4, 0/24 HPs)
             Began as a Gargoyle Earth Elementalist on Nov 18, 2019.
             Killed by divine providence
             ... invoked by an orc priest
              (12 damage)
             ... on level 3 of the Dungeon on Nov 19, 2019.
             The game lasted 00:17:27 (1107 turns).

Anaphory the Digger (Gargoyle Earth Elementalist)   Turns: 1107, Time: 00:17:28

Health: 0/24       AC:  5    Str: 12    XL:     4   Next: 77%
Magic:  8/8        EV: 12    Int: 16    God:
Gold:   102        SH:  0    Dex: 10    Spells: 5/9 levels left

rFire    . . .     SeeInvis .   h - +0 spear (venom)
rCold    . . .     Gourm    .   (no shield)
rNeg     + . .     Faith    .   c - +0 robe
rPois    ∞         Spirit   .   (no helmet)
rElec    +         Reflect  .   (no cloak)
rCorr    .         Harm     .   (no gloves)
MR       .....                  (no boots)
Stlth    ++........             (no amulet)
HPRegen  0.08/turn              (no ring)
MPRegen  0.11/turn              (no ring)

@: no status effects
A: negative energy resistance 1, electricity resistance, unbreathing,
petrification resistance, rot immunity, AC +3
a: no special abilities


You were on level 3 of the Dungeon.
You were hungry.

You visited 1 branch of the dungeon, and saw 3 of its levels.

You collected 102 gold pieces.

Inventory:

Hand Weapons
 h - a +0 spear of venom (weapon)
Missiles
 a - 7 curare-tipped darts
 b - 67 stones (quivered)
 e - 18 bolts
 f - 12 sling bullets
 g - 19 poisoned darts
 k - a throwing net
 m - 23 arrows
Armour
 c - a +0 robe (worn)
Jewellery
 o - an uncursed ring of protection from cold {unknown}
 u - a +3 ring of evasion {unknown}
Scrolls
 i - 3 scrolls of identify {unknown}
 l - 2 scrolls of fear {unknown}
 n - a scroll of teleportation {unknown}
 p - a scroll of fog {unknown}
 q - a scroll of immolation {unknown}
 s - a scroll of amnesia {unknown}
 t - a scroll of remove curse {unknown}
Potions
 j - a potion of cancellation {unknown}
 r - a potion of brilliance {unknown}
 v - a potion of heal wounds {unknown}
Comestibles
 d - 3 rations


   Skills:
 + Level 0.1 Fighting
 - Level 1.5 Dodging
 - Level 2.1 Stealth
 * Level 3.0 Spellcasting
   Level 0.7 Transmutations
 * Level 5.6 Earth Magic


You had 5 spell levels left.
You knew the following spells:

 Your Spells              Type           Power        Failure   Level  Hunger
a - Sandblast             Erth           ###...       1%          1    #......
b - Stone Arrow           Conj/Erth      ##....       17%         3    ###....

Your spell library contained the following spells:

 Spells                   Type           Power        Failure   Level  Hunger
 Passwall                 Tmut/Erth      ##......     8%          2    ##.....
 Petrify                  Tmut/Erth      ##......     45%         4    #####..
 Lee's Rapid Deconstruct  Erth           ###.......   45%         5    ######.


Dungeon Overview and Level Annotations

Branches:
Dungeon (3/15)

Altars:


Innate Abilities, Weirdness & Mutations

You are resistant to torment.
Your stone body is resilient. (AC +3)
You are immune to poison.
You resist negative energy. (rN+)
You are resistant to electric shocks. (rElec)
You can survive without breathing.
You are immune to petrification.
You are immune to rotting.


Message History

The orc priest hits you but does no damage.
You hit the orc priest.
The orc priest looks as sick as possible!
The orc priest is moderately wounded.
The hobgoblin barely misses you.
The orc priest mumbles some strange prayers to Beogh against you.
Pain shoots through your body!
You kill the orc priest!
Your Spellcasting skill increases to level 3!
You see here a kobold corpse.
You kill the hobgoblin!
The frilled lizard hisses angrily.
The orc priest looks braver for a moment.
The frilled lizard barely misses you.
Found 7 gold pieces.
The frilled lizard bites you but does no damage.
The orc priest mumbles some strange prayers to Beogh against you.
Beogh smites you!
Ouch! That really hurt!
You die...

.# #..# $..# ..##..#
##..# #
#.....#####...#####.
##o†o..............
####
#..##.###.#....#.####
..#
o.###.###.##.........
... ###
#...o.o..o.#..### #.#
#.###.###.l.....# #.#
##.###.#
#...@.<.######.######
#......#
#....................
#..#####
#.......#####.#.#####
#..# #.......####.###.#
#..#######..#.#......##
#..
#...........#.#.#####.#
### #.######...##.#.#
#.# #)# #.####.#.# #..
#.# #.# #.#.# #.#


You could see an orc priest, an orc and a frilled lizard.

Vanquished Creatures
  An orc priest (D:3)
  A gnoll (D:1)
  3 adders
  A giant cockroach (D:3)
  6 goblins
  6 hobgoblins
  A quokka (D:2)
  A ball python (D:3)
  3 bats
  A frilled lizard (D:2)
  7 kobolds
  6 rats
37 creatures vanquished.

Notes
Turn   | Place    | Note
-------+----------+-------------------------------------------
     0 | D:1      | Anaphory the Gargoyle Earth Elementalist began the quest
                  | for the Orb.
     0 | D:1      | Reached XP level 1. HP: 10/10 MP: 3/3
    91 | D:1      | Reached skill level 4 in Earth Magic
    91 | D:1      | Reached XP level 2. HP: 15/15 MP: 0/5
   368 | D:1      | Reached XP level 3. HP: 14/19 MP: 6/6
   740 | D:2      | Learned a level 3 spell: Stone Arrow
   860 | D:2      | Reached skill level 5 in Earth Magic
   950 | D:3      | Reached XP level 4. HP: 24/24 MP: 8/8
  1107 | D:3      | Killed from afar by an orc priest

Levels and vault maps discovered:
D:1:      sevenhm_arrival_forest_fort_large_2, layout_rooms,
          minmay_misc_feat_more_columns
D:2:      layout_rooms
D:3:      layout_loops_ring

Skill      XL: |  1  2  3  4 |
---------------+-------------+-----
Earth Magic    | 4 5 |  5.6
Spellcasting   | 3 |  3.0
Fighting       | |  0.1
Dodging        | |  1.5
Stealth        | |  2.1
Transmutations | |  0.7

Action                   |  1- 3 |  4- 6 || total
-------------------------+-------+-------++-------
Melee: Spear             |    75 |    16 ||    91
 Cast: Sandblast         |     6 |       ||     6
       Stone Arrow       |     1 |       ||     1
 Stab: Sleeping          |     3 |       ||     3
Armor: Robe              |    16 |     4 ||    20
Dodge: Dodged            |    38 |     9 ||    47
